 Dungeon Crawl Stone Soup version 0.25.1-2-g60ff931df9 (webtiles) character file.

Game seed: 12032382334998894479

1559 soggyman666 the Cleaver (level 8, -1/71 HPs)
             Began as a Minotaur Berserker on Nov 2, 2020.
             Was a Priest of Trog.
             Slain by a worker ant (4 damage)
             ... on level 6 of the Dungeon.
             The game lasted 00:18:30 (5667 turns).

soggyman666 the Cleaver (Minotaur Berserker)        Turns: 5667, Time: 00:18:31

Health: -1/71      AC:  3    Str: 23    XL:     8   Next: 58%
Magic:  7/7        EV: 13    Int:  4    God:    Trog [***...]
Gold:   235        SH:  0    Dex: 11    Spells: 7/7 levels left

rFire    . . .     SeeInvis .   k - +1 war axe
rCold    . . .     Gourm    .   (no shield)
rNeg     . . .     Faith    .   b - +1 animal skin
rPois    .         Spirit   .   (helmet restricted)
rElec    .         Reflect  .   (no cloak)
rCorr    .         Harm     .   (no gloves)
MR       .....                  (no boots)
Stlth    +++.......             (no amulet)
HPRegen  0.21/turn              e - ring of stealth
MPRegen  0.10/turn              (no ring)

@: lethally poisoned (-1 -> -4), berserk cooldown, slowed, invisible, very slow
A: retaliatory headbutt, horns 2
a: Berserk, Trog's Hand, Renounce Religion


You were on level 6 of the Dungeon.
You worshipped Trog.
Trog was most pleased with you.
You were not hungry.

You visited 1 branch of the dungeon, and saw 6 of its levels.

You collected 235 gold pieces.

Inventory:

Hand Weapons
 a - a +0 hand axe
 k - a +1 war axe (weapon)
Armour
 b - a +1 animal skin (worn)
Jewellery
 e - a ring of stealth (left hand)
Scrolls
 g - 4 scrolls of remove curse
 l - 2 scrolls of magic mapping
 q - 3 scrolls of teleportation
Potions
 d - a potion of heal wounds {unknown}
 f - a potion of ambrosia
 h - a potion of invisibility
 i - a potion of flight
 o - 2 potions of cancellation
 p - a potion of stabbing {unknown}
Comestibles
 c - 8 rations
 j - a chunk of flesh


   Skills:
 + Level 6.4 Fighting
 + Level 9.7 Axes
 + Level 2.7 Armour
 + Level 4.3 Dodging
 + Level 4.4 Stealth


You had 7 spell levels left.
You didn't know any spells.
Your spell library was empty.

Dungeon Overview and Level Annotations

Branches:
Dungeon (6/15)             Temple (0/1) D:5

Altars:
Cheibriados
Gozag
Ru
Sif Muna


Innate Abilities, Weirdness & Mutations

You reflexively headbutt those who attack you in melee.
You have a pair of horns on your head.


Message History

The orc warrior throws a stone.
The stone hits you!!
* * * LOW HITPOINT WARNING * * *
The worker ant bites you!
* * * LOW HITPOINT WARNING * * *
You are more poisoned.
The worker ant poisons you!
Things that are here:
a stone; a chunk of flesh; a quokka skeleton You feel better.
The worker ant bites you.
* * * LOW HITPOINT WARNING * * *
You are poisoned.
The worker ant poisons you!
The orc warrior throws a stone.
The stone hits you.
* * * LOW HITPOINT WARNING * * *
The worker ant bites you.
* * * LOW HITPOINT WARNING * * *
You fade into invisibility!
* * * LOW HITPOINT WARNING * * *
You feel sick.
The orc warrior throws a stone.
The stone misses you. The worker ant bites you.
You die...

###....# #
.......# .#
#.....# ### .# ##
#.....#.#....#
(..#.....#.#.#..#
........#......#
#.###....###รท#
#..o.).(<....#
.s.....#@(#.###
###...#la.#......#
.....##.#.######.#
........#..
...#........
..#.......... .#
.########## ..


You could see an orc warrior, a worker ant and a leopard gecko.

Vanquished Creatures
  The ghost of Platt the Cleaver, a novice MiBe of Trog (D:5)
  A hippogriff (D:6)
  4 ogres
  A centaur (D:5)
  A water moccasin skeleton (D:5)
  A howler monkey (D:6)
  A crimson imp (D:5)
  3 hounds
  3 orc wizards
  2 orc priests (D:3)
  A centaur skeleton (D:5)
  Terence (D:2)
  3 worker ants
  A worker ant zombie (D:6)
  3 gnolls (D:5)
  5 adders
  An ooze (D:5)
  A worm (D:3)
  3 dart slugs
  A leopard gecko (D:5)
  13 orcs
  2 ball pythons
  8 bats
  4 giant cockroaches
  3 goblins
  6 hobgoblins
  3 jackals (D:3)
  12 kobolds
  3 quokkas
  3 frilled lizards
  8 rats
103 creatures vanquished.

Notes
Turn   | Place    | Note
-------+----------+-------------------------------------------
     0 | D:1      | soggyman666 the Minotaur Berserker began the quest for the
                  | Orb.
     0 | D:1      | Reached XP level 1. HP: 19/19 MP: 0/0
   230 | D:1      | Reached skill level 4 in Axes
   230 | D:1      | Reached XP level 2. HP: 12/27 MP: 1/1
  1078 | D:2      | Reached XP level 3. HP: 25/33 MP: 2/2
  1259 | D:2      | Noticed Terence
  1269 | D:2      | Killed Terence
  1432 | D:2      | Reached ** piety under Trog
  1652 | D:2      | Reached XP level 4. HP: 41/41 MP: 3/3
  2423 | D:3      | Found a shimmering blue altar of Sif Muna.
  2570 | D:3      | Reached skill level 1 in Stealth
  2572 | D:3      | Reached skill level 5 in Axes
  2572 | D:3      | Reached XP level 5. HP: 19/47 MP: 4/4
  3416 | D:3      | Reached *** piety under Trog
  3608 | D:4      | Reached skill level 5 in Fighting
  3699 | D:4      | Noticed an ogre
  3701 | D:4      | Killed an ogre
  3701 | D:4      | Reached XP level 6. HP: 50/56 MP: 5/5
  3935 | D:4      | Found a sacrificial altar of Ru.
  3939 | D:4      | Found a snail-covered altar of Cheibriados.
  4038 | D:4      | Reached skill level 6 in Axes
  4337 | D:4      | Found an opulent altar of Gozag.
  4571 | D:5      | Entered Level 5 of the Dungeon
  4603 | D:5      | Reached XP level 7. HP: 47/61 MP: 6/6
  4939 | D:5      | Found a runed translucent door.
  4948 | D:5      | Noticed Platt's ghost (novice MiBe)
  4990 | D:5      | Reached skill level 7 in Axes
  5486 | D:5      | Reached skill level 8 in Axes
  5515 | D:5      | Found a staircase to the Ecumenical Temple.
  5578 | D:5      | Killed Platt's ghost
  5578 | D:5      | Reached XP level 8. HP: 62/70 MP: 7/7
  5637 | D:6      | Reached skill level 9 in Axes
  5645 | D:6      | Noticed a hippogriff
  5652 | D:6      | Killed a hippogriff
  5667 | D:6      | HP: 3/71 [poisoned by a worker ant]
  5667 | D:6      | Slain by a worker ant

Illustrated notes

Levels and vault maps discovered:
D:1:      enne_arrival_octagon_isle, layout_loops_ring
D:2:      layout_basic, kennysheep_decorative_pillar, uniq_terence
D:3:      layout_basic, nicolae_overflow_crystal_walls, minmay_fractal_squares_5
D:4:      layout_loops_ring, gammafunk_temple_overflow_forgotten
D:5:      layout_basic, minmay_temple_entry_wispy,
          ebering_ghost_reflecting_pool, first_ration
D:6:      hangedman_cross_stitches, layout_basic, minivault_14

Skill      XL: |  1  2  3  4  5  6  7  8 |
---------------+-------------------------+-----
Axes           | 4 5 6 8 9 |  9.7
Fighting       | 4 5 6 |  6.4
Stealth        | 1 2 3 4 |  4.4
Dodging        | 3 4 |  4.3
Armour         | |  2.7

Action                   |  1- 3 |  4- 6 |  7- 9 || total
-------------------------+-------+-------+-------++-------
Melee: Hand axe          |    58 |    20 |       ||    78
       Headbutt          |    11 |    18 |    13 ||    42
       War axe           |       |    73 |    66 ||   139
Invok: Berserk           |       |     1 |     1 ||     2
  Use: Scroll            |       |    14 |     2 ||    16
       Potion            |       |       |     2 ||     2
 Stab: Sleeping          |     2 |    13 |     3 ||    18
  Eat: Chunk             |     2 |     9 |     2 ||    13
       Ration            |       |       |     1 ||     1
Armor: Animal skin       |     5 |     8 |    10 ||    23
Dodge: Dodged            |    45 |    61 |    43 ||   149
